 Dungeon Crawl Stone Soup version 0.28-a0-751-gef3a642a4e (webtiles) character file.

Game seed: 1232727086472127616

52295 MacCMillion the Brawler (level 14, -4/143 HPs)
             Began as a Troll Monk on Oct 30, 2021.
             Was the Champion of Yredelemnul.
             Slain by an orc knight (53 damage)
             ... in a bailey on Nov 1, 2021.
             The game lasted 02:11:37 (21257 turns).

MacCMillion the Brawler (Troll Monk)               Turns: 21257, Time: 02:11:38

Health: -4/143     AC: 11    Str: 32    XL:     14   Next: 26%
Magic:  19/19      EV: 11    Int:  6    God:    Yredelemnul [******]
Gold:   1075       SH: 16    Dex: 16    Spells: 13/13 levels left

rFire   . . .      SeeInvis .     - Unarmed
rCold   . . .      Faith    .   z - +1 kite shield {AC+3}
rNeg    . . .      Spirit   .   L - +2 troll leather armour
rPois   +          Reflect  +   (helmet restricted)
rElec   .          Harm     .   (no cloak)
rCorr   .          Rampage  .   (gloves unavailable)
Will    +....                   (boots unavailable)
Stlth   ++........              H - amulet of reflection
HPRegen 2.33/turn               k - +6 ring of strength
MPRegen 0.16/turn               O - ring of Nam Wealosm {rPois Dex+4}

@: studying 2 skills
A: large, unfitting armour, claws 3, regeneration 1, shaggy fur 1, tough skin 1
a: Renounce Religion, Recall Undead Slaves, Injury Mirror, Animate Dead, Drain
Life, Enslave Soul


You were in a bailey.
You worshipped Yredelemnul.
Yredelemnul was exalted by your worship.
You visited 3 branches of the dungeon, and saw 23 of its levels.
You also visited: Bailey.

You collected 1255 gold pieces.
You spent 180 gold pieces at shops.

Inventory:

Hand Weapons
 b - a +4 flail
Missiles
 l - 3 silver javelins (quivered)
 v - 46 poisoned darts
 S - 2 silver boomerangs
 W - 5 javelins
Armour
 y - +0 steam dragon scales
 z - a +1 kite shield of protection (worn)
 L - a +2 troll leather armour (worn)
 M - a +0 tower shield
 U - a +2 robe of cold resistance
Jewellery
 k - a +6 ring of strength (left claw)
 x - a ring of positive energy
 B - an amulet of magic regeneration
 F - a ring of magical power
 H - an amulet of reflection (around neck)
 O - the ring of Nam Wealosm (right claw) {rPois Dex+4}
   (You found it on level 1 of the Lair of Beasts)

   [ring of poison resistance]

   Dex:       It affects your dexterity (+4).
   rPois:     It protects you from poison.
 R - a ring of resist corrosion
 V - a ring of protection from cold
Wands
 a - a wand of paralysis (8)
 f - a wand of flame (18)
 t - a wand of mindburst (14)
 G - a wand of charming (13)
 I - a wand of iceblast (4)
 Z - a wand of acid (2)
Scrolls
 d - a scroll of blinking {unknown}
 e - 4 scrolls of fog
 g - 3 scrolls of vulnerability
 h - 2 scrolls of torment {unknown}
 i - a scroll of acquirement
 s - 6 scrolls of fear
 w - a scroll of amnesia
 E - a scroll of summoning
 J - 2 scrolls of brand weapon {unknown}
 K - 2 scrolls of immolation {unknown}
 N - 4 scrolls of teleportation
 T - a scroll of enchant weapon
 Y - a scroll of silence {unknown}
Potions
 c - 5 potions of curing
 j - 2 potions of flight
 m - 3 potions of lignification
 n - a potion of invisibility
 o - 3 potions of heal wounds
 p - 4 potions of mutation
 q - 3 potions of might
 r - 4 potions of cancellation
 u - 4 potions of brilliance
 A - 3 potions of attraction
 C - 2 potions of berserk rage {unknown}
 P - 3 potions of ambrosia {unknown}
 X - 3 potions of haste
Miscellaneous
 Q - a tin of tremorstones (inert)


   Skills:
 + Level 10.0 Fighting
 - Level 3.0 Armour
 - Level 5.5 Dodging
 - Level 1.0 Stealth
 * Level 7.8 Shields
 * Level 18.1 Unarmed Combat
 + Level 8.9 Invocations
 - Level 5.0 Evocations


You had 13 spell levels left.
You didn't know any spells.
Your spell library contained the following spells:

 Spells                   Type           Power      Damage    Failure   Level
 Apportation              Tloc           0%         N/A       56%         1
 Freeze                   Ice            0%         1d3       56%         1
 Slow                     Hex            0%         N/A       56%         1
 Corpse Rot               Necr/Air       0%         N/A       71%         2
 Poisonous Vapours        Pois/Air       0%         N/A       71%         2
 Static Discharge         Conj/Air       0%         N/A       71%         2
 Confusing Touch          Hex            0%         N/A       91%         3
 Dazzling Flash           Conj/Hex       0%         N/A       91%         3
 Frozen Ramparts          Ice            0%         1d2       91%         3
 Animate Dead             Necr           0%         N/A       100%        4
 Dispel Undead            Necr           0%         3d6       100%        4
 Hailstorm                Conj/Ice       0%         3d3       100%        4
 Iskenderun's Mystic Bla  Conj/Tloc      0%         2d3       100%        4
 Sticky Flame             Conj/Fire      0%         2d3       100%        4
 Alistair's Intoxication  Tmut/Pois      0%         N/A       100%        5
 Borgnjor's Vile Clutch   Necr/Erth      0%         N/A       100%        5
 Fireball                 Conj/Fire      0%         3d3       100%        5
 Summon Forest            Summ/Tloc      0%         N/A       100%        5
 Yara's Violent Unravell  Hex/Tmut       0%         3d3       100%        5
 Death Channel            Necr           0%         N/A       100%        6
 Eringya's Noxious Bog    Tmut/Pois      0%         N/A       100%        6
 Invisibility             Hex            0%         N/A       100%        6
 Starburst                Conj/Fire      0%         6d3       100%        6
 Summon Hydra             Summ           0%         N/A       100%        7
 Ignition                 Fire           0%         3d3       100%        8


Dungeon Overview and Level Annotations

Branches:
Dungeon (15/15)            Temple (0/1) D:4            Lair (6/6) D:10
 Shoals (0/4) Lair:4        Snake (0/4) Lair:2        Slime (0/5) Lair:5
    Orc (2/2) D:12            Elf (0/3) Orc:2        Bailey (1/1)
 Vaults: D:13-14     Depths: D:15

Altars:
Cheibriados
Elyvilon
Gozag
Kikubaaqudgha
Nemelex Xobeh
Sif Muna
Vehumet
Wu Jian
Xom
Yredelemnul
Beogh
Jiyva

Shops:
D:1 [?!(   D:3 !   D:11 *   D:12 *

Annotations:
D:2 Sigmund
D:4 3 runed translucent doors, gearnest's ghost, amateur HOMo
D:5 Edmund
D:9 2 transporters, bgiannan's ghost, novice GrFi
Lair:3 4 runed translucent doors, dricus's ghost, journeyman DjAE
Lair:4 1 runed translucent door, Tessuop's ghost, journeyman VSFi


Innate Abilities, Weirdness & Mutations

You are too large for most types of armour.
You have claws for hands.
Your natural rate of healing is unusually fast.
You are covered in fur. (AC +1)
You have tough skin. (AC +1)


Message History

The orc knight shouts!
The orc knight no longer looks unusually strong.
The orc knight closely misses your orc zombie.
Your orc knight zombie hits the orc knight but does no damage.
Your orc zombie barely misses the orc knight.
Your orc zombie hits the orc knight from afar with a +0 halberd.
You block the orc knight's attack.
Your orc warrior zombie hits the orc knight from afar with a +0 halberd!
You block the orc warrior's attack.
Your orc zombie closely misses the orc knight.
You call on the dead to rise...
There are no remains here to animate!
Unknown command.
Aiming: Paralyse
Press: ? - help, Shift-Dir - straight line, f - orc knight
Aim: an orc knight, wielding a +0 glaive and wearing a +0 ring mail (heavily wounded, ally target, chance to affect: 43%)
The orc knight resists with some effort.
The orc knight no longer looks unusually strong.
The orc knight hits your orc knight zombie from afar with a +0 trident!!
Your orc knight zombie is destroyed!
Your orc zombie barely misses the orc knight.
The orc knight hits you from afar with a +0 glaive.
Your orc zombie hits the orc knight but does no damage.
Your orc warrior zombie barely misses the orc knight.
You block the orc warrior's attack.
The orc knight shouts!
Aiming: Paralyse
Press: ? - help, Shift-Dir - straight line, f/p - orc knight
Aim: an orc knight, wielding a +0 glaive and wearing a +0 ring mail (heavily wounded, ally target, chance to affect: 43%)
The orc knight resists with some effort.
The orc knight roars a battlecry!
The orc knight goes into a battle-frenzy!
Your orc zombie completely misses the orc knight.
You block the orc knight's attack.
Your orc zombie completely misses the orc knight.
Your orc zombie hits the orc knight from afar with a +0 trident.
The orc warrior hits you from afar with a +0 glaive!!
Your orc warrior zombie hits the orc knight but does no damage.
The orc knight hits you with a +0 glaive!!!
You die...
Your body rises from the dead as a mindless zombie.

#.....#
#'''''#
##.....##
#.......#
#...)...#
#..Z)o).#
#..Zo.o.#
#...)o..#
##.Zo)@##
##)Z)##
#.....#
#.....#
#.....#
#.....#
#.....#
##'''##
##.....##


You could see 4 orc knights, an orc warrior (strong), 3 friendly orc zombies and
a friendly orc warrior zombie.

Vanquished Creatures
  2 hydras
  A boulder beetle (D:15)
  2 centaur warriors (D:15)
  3 two-headed ogres
  An orc high priest (Orc:2)
  2 tengu warriors (D:15)
  Pikel (D:8)
  3 orc knights (Bailey)
  2 orc sorcerers
  2 manticores
  An elephant (Lair:6)
  7 ugly things (D:15)
  3 black mambas
  10 cane toads
  A rime drake (Lair:6)
  6 komodo dragons
  2 yaktaurs (D:15)
  5 trolls
  4 polar bears (Lair:6)
  3 hornets
  8 blink frogs
  5 dream sheep
  4 spriggans (Lair:6)
  5 wraiths
  28 yaks
  7 wyverns
  A shadow (D:12)
  2 basilisks
  A steam dragon (D:10)
  3 vampire mosquitoes (D:11)
  A naga (Lair:2)
  Menkaure (D:4)
  A two-headed ogre zombie (D:12)
  A warg (Orc:2)
  5 water moccasins
  11 orc warriors
  2 black bears
  An ice beast (D:5)
  2 sky beasts
  3 boggarts (Lair:6)
  9 centaurs
  19 wolves
  2 phantoms
  A kobold brigand (D:6)
  Blork the orc (D:4)
  10 bullfrogs
  A wyvern zombie (D:9)
  2 scorpions
  13 killer bees
  4 centaur zombies
  2 howler monkeys
  2 jellies
  2 hounds
  11 orc priests
  A gnoll shaman (D:10)
  A scorpion zombie (D:4)
  Terence (D:2)
  9 orc wizards
  An iguana (D:5)
  7 hell rats (Lair:2)
  6 ogre zombies (D:12)
  A howler monkey zombie (D:4)
  A cane toad zombie (Lair:5)
  10 adders
  8 gnolls
  11 river rats (Lair:2)
  A shadow imp (D:7)
  A white imp (D:5)
  3 ufetubi
  An adder skeleton (D:4)
  2 worms
  4 dart slugs
  66 orcs
  4 endoplasms
  2 giant cockroaches
  10 goblins
  6 hobgoblins
  2 jackals (D:1)
  14 kobolds
  8 quokkas
  13 ball pythons
  4 bats
  8 frilled lizards
  4 goblin zombies (D:12)
  2 hobgoblin skeletons (D:12)
  2 hobgoblin zombies (D:12)
  5 orc skeletons (D:12)
  9 orc zombies
  15 rats
  2 wolf zombies (Lair:5)
477 creatures vanquished.

Vanquished Creatures (collateral kills)
  Josephine (Lair:4)
  2 hydras
  Fannar (Lair:2)
  A death yak (Lair:3)
  A lindwurm (Lair:4)
  An ugly thing (D:15)
  9 elephants
  2 torpor snails
  A rime drake (Lair:1)
  8 komodo dragons
  2 yaktaurs (D:15)
  2 trolls
  A polar bear (Lair:6)
  2 hornets
  5 blink frogs
  21 yaks
  9 spriggans (Lair:6)
  2 basilisks
  A hog (shapeshifter) (D:15)
  A steam dragon (D:7)
  A vampire mosquito (D:11)
  3 wargs (Orc:2)
  2 nagas (Lair:2)
  An acid dragon (D:10)
  3 water moccasins
  A two-headed ogre zombie (D:12)
  7 orc warriors
  A necrophage (D:7)
  2 boggarts (Lair:6)
  6 wolves (Lair:6)
  2 centaurs (D:15)
  A kobold brigand (D:9)
  4 bullfrogs
  A gnoll sergeant (D:8)
  7 killer bees
  7 orc priests
  A centaur skeleton (D:5)
  6 orc wizards
  2 hell rats (Lair:2)
  A killer bee zombie (D:7)
  A howler monkey zombie (D:8)
  3 gnolls (D:8)
  3 river rats (Lair:2)
  A shadow imp (D:7)
  28 orcs
  A quokka (Lair:2)
  A goblin zombie (D:12)
  A hobgoblin skeleton (D:12)
  2 kobolds
  2 orc zombies (D:12)
  2 rats (Lair:2)
  A butterfly (Lair:6)
178 creatures vanquished.

Vanquished Creatures (others)
  A vampire knight (D:15)
  A skeletal warrior (D:15)
  2 flayed ghosts
  9 flying skulls
  4 wraiths
  2 vampires
  2 wights (Lair:3)
  4 ugly thing zombies (D:15)
  A black mamba zombie (Lair:5)
  A mummy (Lair:2)
  A cane toad zombie (Lair:5)
  A boulder beetle zombie (D:15)
  A lindwurm zombie (Lair:4)
  A hornet zombie (Lair:6)
  5 bullfrog zombies
  2 centaur zombies (Lair:4)
  7 blink frog zombies
  A dream sheep zombie (Lair:6)
  A polar bear zombie (Lair:6)
  5 spriggan zombies (Lair:6)
  A troll zombie (D:12)
  2 water moccasin zombies
  4 yaktaur zombies (D:15)
  An elephant zombie (Lair:6)
  An orc (Bailey)
  3 komodo dragon zombies
  4 yak zombies
  3 adder zombies
  A hound zombie (D:6)
  A howler monkey zombie (D:4)
  4 killer bee zombies
  14 orc zombies
  A river rat zombie (Lair:2)
  A sky beast zombie (D:6)
  6 wolf zombies
  A wyvern zombie (Lair:4)
  66 fungi
  79 plants
  6 toadstools (Lair:3)
251 creatures vanquished.

Grand Total: 906 creatures vanquished

Notes
Turn   | Place    | Note
-------+----------+-------------------------------------------
     0 | D:1      | MacCMillion the Troll Monk began the quest for the Orb.
     0 | D:1      | Reached XP level 1. HP: 22/22 MP: 0/0
    67 | D:1      | Reached XP level 2. HP: 18/29 MP: 1/1
   146 | D:1      | Found Abuqycu's Magic Scroll Shop.
   204 | D:1      | Found Otsir's Weapon Shop.
   262 | D:1      | Found Feaphurr's Distillery.
   306 | D:1      | Reached XP level 3. HP: 27/37 MP: 2/2
   484 | D:1      | Found Dilammiw's Antique Armour Boutique.
   742 | D:2      | Reached skill level 4 in Unarmed Combat
   765 | D:2      | Noticed Sigmund
   913 | D:2      | Reached XP level 4. HP: 45/45 MP: 3/3
   999 | D:2      | Noticed Terence
  1015 | D:2      | Killed Terence
  1017 | D:2      | Reached XP level 5. HP: 50/53 MP: 4/4
  1137 | D:3      | Found Ofyr's Distillery.
  1242 | D:1      | Bought a scroll of magic mapping for 42 gold pieces
  1242 | D:1      | Bought a scroll of identify for 24 gold pieces
  1704 | D:3      | Found a snail-covered altar of Cheibriados.
  1860 | D:3      | Reached skill level 5 in Unarmed Combat
  2200 | D:4      | Found a runed translucent gate.
  2200 | D:4      | Found a runed translucent gate.
  2200 | D:4      | Found a runed translucent gate.
  2200 | D:4      | Noticed gearnest's ghost (amateur HOMo)
  2202 | D:4      | Found a basalt altar of Yredelemnul.
  2236 | D:4      | Became a worshipper of Yredelemnul the Dark
  2236 | D:4      | Reached * piety under Yredelemnul
  2236 | D:4      | Reached ** piety under Yredelemnul
  2289 | D:4      | Reached XP level 6. HP: 32/62 MP: 5/5
  2387 | D:4      | Noticed Menkaure
  2397 | D:4      | Killed Menkaure
  2398 | D:4      | Reached skill level 6 in Unarmed Combat
  2398 | D:4      | Reached skill level 1 in Invocations
  2454 | D:4      | Found a white marble altar of Elyvilon.
  2498 | D:4      | Reached XP level 7. HP: 71/71 MP: 7/7
  2564 | D:4      | Found a staircase to the Ecumenical Temple.
  2742 | D:4      | Found a sparkling altar of Nemelex Xobeh.
  2997 | D:5      | Entered Level 5 of the Dungeon
  3029 | D:5      | Noticed Edmund
  3101 | D:5      | Noticed Blork the orc
  3119 | D:4      | Killed Blork the orc
  3164 | D:4      | Reached skill level 7 in Unarmed Combat
  3195 | D:5      | Found a radiant altar of Vehumet.
  3424 | D:6      | Reached XP level 8. HP: 79/79 MP: 9/9
  3537 | D:6      | Reached skill level 5 in Fighting
  3996 | D:6      | Reached *** piety under Yredelemnul
  4008 | D:6      | Reached skill level 8 in Unarmed Combat
  4206 | D:6      | Found an ornate altar of the Wu Jian Council.
  4426 | D:7      | Received a gift from Yredelemnul (5 flying skulls)
  4713 | D:7      | Reached skill level 9 in Unarmed Combat
  4877 | D:7      | Reached XP level 9. HP: 84/89 MP: 11/11
  5440 | D:8      | Noticed Pikel
  5451 | D:8      | Killed Pikel
  5451 | D:8      | Received a gift from Yredelemnul (2 flying skulls)
  5452 | D:8      | Reached skill level 10 in Unarmed Combat
  5452 | D:8      | Reached skill level 5 in Invocations
  5702 | D:8      | Found an opulent altar of Gozag.
  5702 | D:8      | Found an ancient bone altar of Kikubaaqudgha.
  5971 | D:9      | Reached **** piety under Yredelemnul
  6097 | D:9      | Found a transporter.
  6097 | D:9      | Noticed bgiannan's ghost (novice GrFi)
  6098 | D:9      | Noticed a moth of wrath
  6105 | D:9      | Noticed a manticore
  6186 | D:9      | Found a transporter.
  6232 | D:9      | You fall into a shaft and drop 1 floor!
  6232 | D:10     | Entered Level 10 of the Dungeon
  6325 | D:10     | Noticed a two-headed ogre
  6409 | D:10     | Found a shimmering blue altar of Sif Muna.
  6418 | D:10     | Received a gift from Yredelemnul (a wraith)
  6483 | D:10     | Noticed a troll
  6490 | D:10     | Killed a troll
  6491 | D:10     | Reached skill level 11 in Unarmed Combat
  6539 | D:10     | Reached XP level 10. HP: 102/102 MP: 12/12
  6582 | D:10     | Reached skill level 1 in Evocations
  6618 | D:10     | Found a staircase to the Lair.
  7285 | D:10     | Killed a two-headed ogre
  7285 | D:10     | Received a gift from Yredelemnul (a mummy)
  7875 | D:9      | Received a gift from Yredelemnul (a wight)
  8501 | Lair:1   | Entered Level 1 of the Lair of Beasts
  8603 | Lair:1   | Noticed a cane toad
  8609 | Lair:1   | Killed a cane toad
  8673 | Lair:1   | Reached skill level 12 in Unarmed Combat
  8690 | Lair:1   | Noticed a five-headed hydra
  8697 | Lair:1   | Killed a seven-headed hydra
  8717 | Lair:1   | Identified the ring of Nam Wealosm {rPois Dex+4}
  8963 | Lair:1   | You fall into a shaft and drop 1 floor!
  8974 | Lair:2   | Reached XP level 11. HP: 86/111 MP: 10/14
  8976 | Lair:2   | Reached skill level 1 in Shields
  9145 | Lair:2   | Received a gift from Yredelemnul (a wraith)
  9307 | Lair:2   | Found a staircase to the Snake Pit.
  9371 | Lair:2   | Noticed Fannar
  9391 | Lair:2   | Killed Fannar
  9499 | Lair:2   | Received a gift from Yredelemnul (a wight)
  9505 | Lair:2   | Received a gift from Yredelemnul (2 flying skulls)
  9528 | Lair:2   | Reached ***** piety under Yredelemnul
 10343 | Lair:3   | Reached skill level 13 in Unarmed Combat
 10360 | Lair:3   | Noticed a four-headed hydra
 10372 | Lair:3   | Killed a six-headed hydra
 10528 | Lair:3   | Noticed a death yak
 10539 | Lair:3   | Killed a death yak
 10609 | Lair:3   | Found a runed translucent gate.
 10610 | Lair:3   | Found a runed translucent gate.
 10621 | Lair:3   | Found a runed translucent gate.
 10627 | Lair:3   | Noticed dricus's ghost (journeyman DjAE)
 11041 | Lair:3   | Noticed a lindwurm
 11041 | Lair:3   | Noticed a dire elephant
 11263 | Lair:3   | Found a runed translucent door.
 11483 | Lair:4   | Noticed Tessuop's ghost (journeyman VSFi)
 11483 | Lair:4   | Noticed a six-headed hydra
 11483 | Lair:4   | Found a runed translucent door.
 11483 | Lair:4   | Found a shimmering altar of Xom.
 11491 | Lair:4   | Killed a nine-headed hydra
 11493 | Lair:4   | Identified the +6 great mace of Contention {chaos, +Blink}
 11493 | Lair:4   | Noticed a +6 great mace of Contention {chaos, +Blink}
 11506 | Lair:4   | Received a gift from Yredelemnul (a wraith)
 11558 | Lair:4   | Noticed a lindwurm
 11567 | Lair:4   | Reached XP level 12. HP: 109/120 MP: 16/16
 11690 | Lair:4   | Received a gift from Yredelemnul (a vampire)
 11747 | Lair:4   | Noticed Josephine
 13085 | Lair:4   | Found a staircase to the Shoals.
 13191 | Lair:4   | Reached skill level 14 in Unarmed Combat
 13350 | Lair:4   | Received a gift from Yredelemnul (a flayed ghost)
 13367 | Lair:4   | Killed Josephine
 14062 | Lair:5   | Reached skill level 5 in Evocations
 14204 | Lair:5   | Noticed a four-headed hydra
 14211 | Lair:5   | Killed a five-headed hydra
 14212 | Lair:5   | Reached skill level 5 in Shields
 14433 | Lair:5   | Reached skill level 5 in Dodging
 14469 | Lair:5   | Reached skill level 15 in Unarmed Combat
 14644 | Lair:5   | Received a gift from Yredelemnul (a vampire)
 14651 | Lair:5   | Found a staircase to the Slime Pits.
 14654 | Lair:5   | Found a viscous altar of Jiyva.
 14957 | Lair:5   | Reached XP level 13. HP: 124/127 MP: 14/17
 14960 | Lair:5   | Reached skill level 1 in Armour
 15071 | Lair:6   | Entered Level 6 of the Lair of Beasts
 15163 | Lair:6   | Received a gift from Yredelemnul (a vampire knight)
 15792 | D:1      | Bought a scroll of identify for 24 gold pieces
 15792 | D:1      | Bought a scroll of fear for 42 gold pieces
 15792 | D:1      | Bought a scroll of identify for 24 gold pieces
 15792 | D:1      | Identified a scroll of acquirement
 15793 | D:1      | Acquired a manual of Fighting
 16472 | Lair:6   | Reached skill level 16 in Unarmed Combat
 17417 | D:11     | Reached ****** piety under Yredelemnul
 17540 | D:11     | Received a gift from Yredelemnul (a skeletal warrior)
 17828 | D:11     | Found Hinof's Changing Room.
 18425 | D:12     | You fall into a shaft and drop 3 floors!
 18425 | D:15     | Entered Level 15 of the Dungeon
 18457 | D:15     | Reached skill level 17 in Unarmed Combat
 18474 | D:15     | Received a gift from Yredelemnul (a wraith)
 18886 | D:15     | Found an ancient bone altar of Kikubaaqudgha.
 18905 | D:15     | Reached XP level 14. HP: 124/140 MP: 19/19
 19572 | D:12     | Found Builam's General Store.
 19582 | D:12     | Bought a scroll of identify for 24 gold pieces
 19724 | D:12     | Found a staircase to the Orcish Mines.
 19806 | D:12     | Received a gift from Yredelemnul (a flayed ghost)
 20571 | Orc:1    | Entered Level 1 of the Orcish Mines
 20577 | Orc:1    | Noticed Nergalle
 20590 | Orc:1    | Killed Nergalle
 20590 | Orc:1    | Enslaved Nergalle
 20705 | Orc:2    | Entered Level 2 of the Orcish Mines
 20819 | Orc:1    | You fall into a shaft and drop 1 floor!
 20856 | Orc:1    | Found a flagged portal.
 20871 | Bailey   | Entered a bailey
 21235 | Bailey   | Reached skill level 18 in Unarmed Combat
 21246 | Bailey   | Reached skill level 10 in Fighting
 21257 | Bailey   | Slain by an orc knight

Illustrated notes

Levels and vault maps discovered:
D:1:      lemuel_arrival_room, layout_basic, serial_shops,
          nicolae_shop_temple_entry_statues_fountains, nicolae_diamond_shop,
          nicolae_shop_stone, nicolae_shop_trees
D:2:      layout_rooms, ebering_ecumenical_altar_rust, basic_altar,
          minmay_tromino_v4_c, uniq_crazy_yiuf_cottage, uniq_sigmund,
          uniq_terence
D:3:      layout_loops_cross, kennysheep_slug_shrine, serial_shops, shop,
          kennysheep_generic_room_7
D:4:      minmay_angry_zag, layout_loops_cross, elyvilon_altar_5,
          nicolae_yredelemnul_ghost_church, nemelex_diamond_rough_becter,
          minmay_temple_entry_from_below_a, wad_floor_pattern_untrapped,
          minmay_tree_intersection, uniq_menkaure
D:5:      layout_basic, nicolae_vehumet_altar_sigil, uniq_blork_the_orc,
          uniq_grinder, uniq_edmund
D:6:      layout_gridville, old_standard_altar, grunt_decor_clamped
D:7:      layout_loops_ring
D:8:      layout_loops_ring, gammafunk_temple_overflow_wave, uniq_pikel
D:9:      layout_layer_cave, special_room [special_room_orc], serial_glass,
          glass_columns_b, glass_columns_a, glass_columns_a, glass_columns_c,
          glass_columns_b, glass_columns_a, glass_columns_c, glass_columns_a,
          due_unseen_surprise, item_on_display_a, minmay_strange_pillars,
          gammafunk_ghost_berserking_beasts
D:10:     layout_long_grid, mainiacjoe_overflow_cross_hatched, erik_lair_dragon
D:11:     layout_basic, nicolae_transmutations_shop,
          chequers_serial_rivers_room_a
D:12:     layout_layer_cave, zombieorc2_lemuel, serial_shops,
          nicolae_diamond_shop
D:13:     layout_loops_ring, serial_shops, nicolae_take_the_stairs
D:14:     layout_gridville, david_vaults_4, kennysheep_crisscross,
          minmay_radiant
D:15:     gammafunk_enter_depths_forms, layout_irregular_city,
          nicolae_kikubaaqudgha_miasma_corner
Lair:1:   layout_hall_layers
Lair:2:   lemuel_ratsnest, layout_misc_corridors, guppyfry_snake_entry_island,
          uniq_fannar
Lair:3:   gammafunk_lair_enchanted_lake, layout_gridlike,
          gammafunk_ghost_necromancy, grunt_megastairs_3, lemuel_fruit_tree
Lair:4:   layout_loops_ring, minmay_shoals_entry_centaurs, ebering_ghost_xom,
          serial_bayou_pond_e, uniq_josephine
Lair:5:   layout_gridlike, slime_altar_1, grunt_megastairs_2
Lair:6:   minmay_lair_end_enchanted_forest, layout_misc_corridors,
          lemuel_fruit_fields
Orc:1:    layout_diamond_mine, enter_bailey_1, uniq_nergalle
Orc:2:    st_orc_town, layout_caves, bh_open_orc_temple
Bailey:   bailey_polearm_5, bailey

Skill      XL: |  1  2  3  4  5  6  7  8  9 10 11 12 13 14 |
---------------+-------------------------------------------+-----
Fighting       | 3 4 5 7 8 9 10 | 10.0
Unarmed Combat | 4 5 6 7 9 11 12 13 15 17 18 | 18.1
Invocations    | 1 2 4 5 6 7 8 |  8.9
Evocations     | 2 4 5 |  5.0
Shields        | 3 5 7 |  7.8
Dodging        | 3 5 |  5.5
Armour         | 3 |  3.0
Stealth        | |  1.0

Action                   |  1- 3 |  4- 6 |  7- 9 | 10-12 | 13-15 || total
-------------------------+-------+-------+-------+-------+-------++-------
Melee: Unarmed           |    84 |   157 |   211 |   412 |   406 ||  1270
       Punch             |       |     1 |     5 |    40 |    12 ||    58
Throw: Dart              |       |       |     1 |       |       ||     1
Invok: Animate Remains   |       |       |    10 |       |       ||    10
       Animate Dead      |       |       |     4 |    30 |    25 ||    59
       Recall Undead Sla |       |       |     1 |    11 |     6 ||    18
       Drain Life        |       |       |       |     2 |       ||     2
       Enslave Soul      |       |       |       |       |     1 ||     1
Evoke: Tin of tremorston |       |       |       |     1 |     2 ||     3
       Wand              |       |       |       |       |    12 ||    12
  Use: Scroll            |       |     3 |     6 |     7 |    10 ||    26
       Potion            |       |       |       |     1 |     3 ||     4
 Stab: Sleeping          |     3 |     4 |     2 |       |       ||     9
       Distracted        |       |     1 |     2 |     8 |     3 ||    14
       Paralysed         |       |       |       |       |     2 ||     2
Armor: Robe              |    36 |    42 |    37 |       |       ||   115
       Steam dragon scal |       |       |    37 |       |       ||    37
       Troll leather arm |       |       |       |    86 |   107 ||   193
Dodge: Dodged            |    61 |    66 |    88 |   209 |   140 ||   564
Block: Other             |       |       |     2 |    92 |    32 ||   126
       Reflection        |       |       |       |     3 |    12 ||    15
       Kite shield       |       |       |       |       |   247 ||   247

Table legend: (Time is in decaauts)
 A = Elapsed time spent in this place.
 B = Non-inter-level travel time spent in this place.
 C = Inter-level travel time spent in this place.
 D = Time resting spent in this place.
 E = Time spent auto-exploring this place.
 F = Levels seen in this place.
 G = Mean time per level.
                   A        B        C        D        E       F      G
               +--------+--------+--------+--------+--------+-----+--------+
         Total |  21103 |  19293 |   1810 |   4804 |   9504 |  24 |  879.3 |
       Dungeon |  12263 |  10936 |   1327 |   1370 |   6941 |  15 |  817.5 |
          Lair |   8179 |   7697 |    482 |   3178 |   2491 |   6 | 1363.2 |
  Orcish Mines |    283 |    283 |      0 |     40 |      0 |   2 |  141.5 |
        Bailey |    377 |    377 |      0 |    216 |     72 |   1 |  377.0 |
               +--------+--------+--------+--------+--------+-----+--------+

Top non-repeatable levels by time:
  Lair:3: 2659 daAuts
    D:12: 1542 daAuts
    D:10: 1403 daAuts
     D:9: 1377 daAuts
  Lair:2: 1298 daAuts
  Lair:4: 1295 daAuts
     D:4: 1217 daAuts
  Lair:5: 1187 daAuts
     D:1: 1166 daAuts
  Lair:6: 1136 daAuts
    D:11: 1023 daAuts
     D:6: 992 daAuts
     D:8: 883 daAuts
     D:7: 743 daAuts
     D:3: 699 daAuts
